 Dungeon Crawl Stone Soup version 0.17-a0-1853-ge1bd2c8 (webtiles) character file.

3208 Oddball22 the Summoner (level 9, -1/61 HPs)
             Began as a Demonspawn Summoner on Sept 20, 2015.
             Was an Elder of Sif Muna.
             Slain by an unseen horror (9 damage)
             ... on level 10 of the Dungeon.
             The game lasted 00:38:13 (9296 turns).

Oddball22 the Summoner (Demonspawn Summoner)        Turns: 9296, Time: 00:38:13

Health: -1/61      AC:  5    Str: 12    XL:     9   Next: 65%
Magic:  0/19       EV: 14    Int: 20    God:    Sif Muna [****..]
Gold:   408        SH:  2    Dex: 19    Spells: 5 memorised, 6 levels left

rFire  . . .     SeeInvis .     u - +4 quarterstaff (chaos)
rCold  + + +     Clarity  .     P - +1 animal skin
rNeg   . . .     SustAt   .     (no shield)
rPois  .         Gourm    .     (helmet restricted)
rElec  .         Spirit   +     v - +0 cloak
rCorr  .         Warding  .     t - +2 pair of gloves of the Amoeba {*Corrode rC+++ Str+3 Dex+3}
rMut   .         Stasis   .     (no boots)
MR     .....                    h - amulet of regeneration
Stlth  ++........               (no ring)
                                E - +3 ring of intelligence

@: corroded equipment, very slightly contaminated, hasted, very quick, not
resistant to hostile enchantments, unstealthy
A: horns 1, large bone plates 1, magic shield
a: Channel Energy, Forget Spell, Renounce Religion


You were on level 10 of the Dungeon.
You worshipped Sif Muna.
Sif Muna was greatly pleased with you.
You were not hungry.

You visited 1 branch of the dungeon, and saw 10 of its levels.
You also visited: Ossuary.

You collected 408 gold pieces.

Inventory:

Hand weapons
 u - a +4 quarterstaff of chaos (weapon)
 A - a +1 spear of piercing
 H - a +2 flail of venom
Armour
 a - the +3 buckler of Sunuphuwk {Regen+}
   (You found it on level 10 of the Dungeon)

   It increases your rate of regeneration.
 t - the +2 pair of gloves of the Amoeba (worn) {*Corrode rC+++ Str+3 Dex+3}
   (You found it on level 4 of the Dungeon)

   It affects your strength (+3).
   It affects your dexterity (+3).
   It renders you almost immune to cold.
   It may corrode your equipment when you take damage.
 v - a +0 cloak (worn)
 P - a +1 animal skin (worn)
Magical staves
 e - an uncursed staff of earth
Jewellery
 h - an amulet of regeneration (around neck)
 E - a +3 ring of intelligence (left hand)
 F - an uncursed amulet of stasis
Magical devices
 o - a wand of cold (8)
Scrolls
 p - 3 scrolls of fog
 s - 4 scrolls of noise
 w - 6 scrolls of remove curse
 y - 2 scrolls of identify
 B - a scroll of amnesia
 C - 2 scrolls of recharging {unknown}
 G - a scroll of magic mapping {unknown}
 J - a scroll of silence {unknown}
 K - a scroll of acquirement {unknown}
 M - a scroll of torment {unknown}
 O - a scroll of immolation {unknown}
Potions
 d - 3 potions of flight
 f - a potion of haste
 g - a potion of curing
 i - a potion of magic {unknown}
 k - a potion of heal wounds
 m - 2 potions of lignification {unknown}
 q - 3 potions of agility
 x - a potion of mutation {unknown}
 z - 2 potions of brilliance {unknown}
 D - a potion of poison {unknown}
 I - a potion of degeneration {unknown}
Books
 b - a book of Callings

   Spells                             Type                      Level
   a - Summon Small Mammal            Summoning                    1
   b - Call Imp                       Summoning                    2
   c - Call Canine Familiar           Summoning                    3
   d - Summon Guardian Golem          Hexes/Summoning              3
   e - Summon Lightning Spire         Summoning/Air                4
   f - Summon Ice Beast               Ice/Summoning                4
 n - a book of Conjurations

   Spells                             Type                      Level
   a - Magic Dart                     Conjuration                  1
   b - Searing Ray                    Conjuration                  2
   c - Dazzling Spray                 Conjuration/Hexes            3
   d - Fulminant Prism                Conjuration/Hexes            4
   e - Iskenderun's Mystic Blast      Conjuration                  4
   f - Iskenderun's Battlesphere      Conjuration/Charms           5
 Q - a Young Poisoner's Handbook

   Spells                             Type                      Level
   a - Sting                          Conjuration/Poison           1
   b - Cure Poison                    Poison                       2
   c - Mephitic Cloud                 Conjuration/Poison/Air       3
   d - Olgreb's Toxic Radiance        Poison                       4
   e - Venom Bolt                     Conjuration/Poison           5
Comestibles
 c - 7 bread rations
 j - 9 slices of pizza
 l - 5 beef jerkies
 r - 2 meat rations
 L - 5 fruits
 N - 2 royal jellies


   Skills:
 - Level 2.2 Fighting
 - Level 3.1 Dodging
 - Level 1.7 Stealth
 * Level 7.1 Spellcasting
 + Level 4.7 Hexes
 + Level 8.7 Summonings
 + Level 3.4 Ice Magic
 + Level 3.1 Air Magic


You had 6 spell levels left.
You knew the following spells:

 Your Spells              Type           Power        Failure   Level  Hunger
a - Summon Guardian Gole  Hex/Summ       ####....     1%          3    #......
b - Call Imp              Summ           #####...     1%          2    None
c - Call Canine Familiar  Summ           #####...     1%          3    #......
d - Summon Ice Beast      Ice/Summ       ####....     10%         4    ###....
e - Summon Lightning Spi  Summ/Air       ####....     10%         4    ###....


Dungeon Overview and Level Annotations

Branches:
Dungeon (10/15)            Temple (0/1) D:7
   Lair: D:8-11         Orc: D:9-12

Altars:
Cheibriados
Kikubaaqudgha
Sif Muna
Trog
Vehumet

Shops:
D:4 *   D:9 %   D:10 *


Innate Abilities, Weirdness & Mutations

You have a pair of small horns on your head.
You are partially covered in large bone plates (AC +2, SH +2).
When hurt, damage is shared between your health and your magic reserves.


Message History

* * * LOW HITPOINT WARNING * * *
You hit something. You block its attack. Something hits you!
* * * LOW HITPOINT WARNING * * *
Eat which item? (? for menu, Esc to quit)
Okay, then.
Drink which item? (? for menu, Esc to quit)
You feel much better. Something hits you but does no damage.
Casting: Call Canine Familiar
Confirm with . or Enter, or press ? or * to list all spells.
Okay, then.
Drink which item? (? for menu, Esc to quit)
It was a potion of haste.
You feel yourself speed up. Something hits you.
Your corrosive artefact corrodes you!
Something hits you. Something hits you!
* * * LOW HITPOINT WARNING * * *
You are very lightly contaminated with residual magic.
Something hits you!
* * * LOW HITPOINT WARNING * * *
Something hits you!
You die...

##.......# #.#.... ##.#.#.##.#
##...... #.##.##.#.# #######
......... ####.##....#.#
#.....###########
#.......##.#.####...?.... ..# #
#.##...................#. #.# #
#.##.#.....(.####........ #.# #
#.##....#.#######{........#.# #
#.##.##.#.##....@#####....#.#####
#.......#.##....∩### #.#.##......
#.........##.......# #...........
##...#.#.###.....#$# ###.#.<.....
#.....#.# #.....#.# #.#.######
#..##.#.# #######.# ###.#.#### #
#.......# #.# #........# #
#.......# ######.# #..##.##.# #
##.##.#.# #......###..##.## # #


There were no monsters in sight!

Vanquished Creatures
  A human (D:9)
  A hog (D:9)
  A hippogriff (D:8)
  A wolf (D:8)
  A phantom (D:10)
  A black bear (D:7)
  2 ogres
  A centaur (D:8)
  4 giant frogs
  A gnoll sergeant (D:5)
  A scorpion (D:7)
  2 killer bees
  A quasit (D:6)
  2 giant frog zombies
  5 hounds
  A crimson imp (D:8)
  Crazy Yiuf (D:4)
  A centaur skeleton (D:9)
  An orc wizard (D:6)
  A sheep (D:9)
  An iguana (D:5)
  A worker ant (D:6)
  A mummy (Ossuary)
  A hound zombie (D:5)
  6 gnolls
  2 adders (D:3)
  A shadow imp (D:5)
  An ooze (D:3)
  2 adder skeletons
  2 adder zombies
  3 giant geckos
  13 orcs
  3 ball pythons
  6 bats
  2 gnoll zombies (Ossuary)
  5 hobgoblins
  A ball python skeleton (D:6)
  3 giant cockroaches
  A giant gecko skeleton (D:5)
  A giant gecko zombie (D:8)
  A giant newt (D:1)
  3 gnoll skeletons (Ossuary)
  8 goblins
  A goblin skeleton (Ossuary)
  A goblin zombie (Ossuary)
  A hobgoblin skeleton (Ossuary)
  3 hobgoblin zombies (Ossuary)
  14 jackals
  8 kobolds
  5 kobold zombies (Ossuary)
  An orc skeleton (Ossuary)
  4 orc zombies (Ossuary)
  3 quokkas
  A quokka zombie (D:6)
  6 rats
  2 rat skeletons (Ossuary)
  A rat zombie (Ossuary)
149 creatures vanquished.

Vanquished Creatures (collateral kills)
  A troll (D:9)
  Grinder (D:3)
  2 hungry ghosts (D:9)
  Menkaure (Ossuary)
  A wolf (D:8)
  4 ogres
  An orc warrior (D:9)
  A crocodile (D:9)
  Blork the orc (D:4)
  A big kobold (D:7)
  A giant frog (D:6)
  5 killer bees (D:9)
  6 orc wizards
  3 hounds
  A jelly (D:8)
  3 orc priests (D:7)
  An iguana (D:8)
  2 sheep (D:9)
  A worker ant (D:7)
  2 mummies
  Robin (D:4)
  2 gnolls (D:6)
  2 adders
  2 oozes
  A worm (D:1)
  11 orcs
  2 giant cockroaches
  5 goblins
  6 hobgoblins
  16 jackals
  A giant gecko (D:3)
  A hobgoblin skeleton (Ossuary)
  A hobgoblin zombie (Ossuary)
  A jackal skeleton (D:4)
  6 kobolds (D:7)
  An orc zombie (Ossuary)
98 creatures vanquished.

Vanquished Creatures (others)
  Grum (D:8)
  A mummy (Ossuary)
  A gnoll zombie (Ossuary)
  2 gnoll skeletons (Ossuary)
  2 goblin skeletons (Ossuary)
  A goblin zombie (Ossuary)
  5 hobgoblin skeletons (Ossuary)
  3 hobgoblin zombies (Ossuary)
  A kobold zombie (Ossuary)
  5 orc skeletons (Ossuary)
  An orc zombie (Ossuary)
  3 rat skeletons (Ossuary)
26 creatures vanquished.

Grand Total: 273 creatures vanquished

Notes
Turn   | Place    | Note
--------------------------------------------------------------
     0 | D:1      | Oddball22 the Demonspawn Summoner began the quest for the Orb.
     0 | D:1      | Reached XP level 1. HP: 13/13 MP: 3/3
   777 | D:1      | Gained mutation: You are partially covered in large bone plates (AC +2, SH +2). [demonic ancestry]
   777 | D:1      | Reached XP level 2. HP: 20/20 MP: 5/5
  1598 | D:2      | Gained mutation: You have a pair of small horns on your head. [demonic ancestry]
  1598 | D:2      | Reached XP level 3. HP: 20/25 MP: 2/6
  1691 | D:2      | Learned a level 2 spell: Call Imp
  1695 | D:2      | Learned a level 3 spell: Call Canine Familiar
  1961 | D:2      | Found a bloodstained altar of Trog.
  2419 | D:3      | Reached skill level 1 in Fighting
  2557 | D:3      | Reached XP level 4. HP: 32/32 MP: 7/7
  2632 | D:3      | Noticed Grinder
  2657 | D:3      | Paralysed by Grinder for 6 turns
  2658 | D:3      | Killed Grinder
  2658 | D:3      | Reached skill level 5 in Summonings
  2658 | D:3      | Gained mutation: When hurt, damage is shared between your health and your magic reserves. [demonic ancestry]
  2658 | D:3      | Reached XP level 5. HP: 3/38 MP: 0/8
  3335 | D:3      | Found a deep blue altar of Sif Muna.
  3341 | D:3      | Became a worshipper of Sif Muna the Loreminder
  3443 | D:4      | Reached skill level 6 in Summonings
  3558 | D:4      | Noticed an ogre
  3575 | D:4      | Noticed an ogre
  3616 | D:4      | Noticed an ogre
  3624 | D:4      | Killed an ogre
  3624 | D:4      | Reached XP level 6. HP: 44/44 MP: 0/9
  3842 | D:4      | Noticed Robin
  3853 | D:4      | Killed Robin
  3900 | D:4      | Got a pair of distressingly furry gloves
  3922 | D:4      | Noticed Crazy Yiuf
  3943 | D:4      | Killed Crazy Yiuf
  3957 | D:4      | Learned a level 3 spell: Summon Guardian Golem
  4136 | D:4      | Killed an ogre
  4178 | D:4      | Noticed Blork the orc
  4225 | D:4      | Killed Blork the orc
  4342 | D:4      | Found Qury's General Store.
  4354 | D:4      | Identified the +2 pair of gloves of the Amoeba {*Corrode rC+++ Str+3 Dex+3} (You found it on level 4 of the Dungeon)
  4414 | D:4      | Killed an ogre
  4466 | D:5      | Entered Level 5 of the Dungeon
  4777 | D:5      | Acquired Sif Muna's first power
  4777 | D:5      | Reached XP level 7. HP: 50/50 MP: 5/11
  4780 | D:5      | Found a bloodstained altar of Trog.
  4893 | D:5      | Reached skill level 1 in Hexes
  4893 | D:5      | Reached skill level 7 in Summonings
  5592 | D:6      | Acquired Sif Muna's second power
  5599 | D:6      | Learned a level 4 spell: Summon Ice Beast
  5675 | D:6      | Reached XP level 8. HP: 51/56 MP: 14/14
  5722 | D:6      | Learned a level 4 spell: Summon Lightning Spire
  5778 | D:6      | Reached skill level 1 in Ice Magic
  5896 | D:6      | Found a sand-covered staircase.
  5920 | Ossuary  | Entered an ossuary
  6169 | Ossuary  | Noticed Menkaure
  6172 | Ossuary  | Killed Menkaure
  6406 | D:7      | Reached skill level 5 in Spellcasting
  6501 | D:7      | Found a radiant altar of Vehumet.
  6511 | D:7      | Reached skill level 1 in Air Magic
  6655 | D:7      | Found a snail-covered altar of Cheibriados.
  6894 | D:7      | Found a staircase to the Ecumenical Temple.
  7625 | D:8      | Reached skill level 8 in Summonings
  8051 | D:8      | Noticed Grum
  8079 | D:8      | Reached XP level 9. HP: 28/61 MP: 5/18
  8082 | D:8      | Killed Grum
  8272 | D:9      | Found an ancient bone altar of Kikubaaqudgha.
  8843 | D:9      | Acquired Sif Muna's third power
  8960 | D:9      | Found Cavapp's Food Boutique.
  9055 | D:10     | Entered Level 10 of the Dungeon
  9121 | D:10     | Got a dazzling buckler
  9122 | D:10     | Identified the +3 buckler of Sunuphuwk {Regen+} (You found it on level 10 of the Dungeon)
  9267 | D:10     | Found Taanodys's Assorted Antiques.
  9296 | D:10     | Slain by an unseen horror

Vault maps used:
D:1:      minmay_arrival_solitary_statue
D:2:      bloody_trog
D:3:      led_sif_pool, uniq_grinder
D:4:      first_bread, serial_shops, shop, uniq_robin, uniq_blork_the_orc,
          uniq_crazy_yiuf_cottage
D:5:      trog_three_pillars_becter
D:6:      gup_ossuary_entry_pyramid, kennysheep_generic_room_13
D:7:      black_bear_nest_2, vehumet_crystals, nicolae_overflow_hidden_temple,
          minmay_temple_entry_statues_pillars
D:8:      uniq_grum
D:9:      basic_altar, serial_shops, kennysheep_mini, grunt_livestock
D:10:     serial_shops, shop, jmf_multi_god_temple
Ossuary:  ossuary_due_pyramid

Action                   |  1- 3 |  4- 6 |  7- 9 || total
-------------------------+-------+-------+-------++-------
Melee: Unarmed           |    12 |       |       ||    12
       Short sword       |   121 |    99 |       ||   220
       Quarterstaff      |       |     7 |   264 ||   271
       Spear             |       |       |     8 ||     8
 Cast: Summon Small Mamm |    18 |       |       ||    18
       Call Canine Famil |     5 |    26 |    32 ||    63
       Summon Lightning  |       |       |    12 ||    12
       Summon Guardian G |       |       |     2 ||     2
       Summon Ice Beast  |       |       |     1 ||     1
  Use: Scroll            |     1 |     3 |     4 ||     8
       Potion            |       |       |     7 ||     7
 Stab: Sleeping          |     6 |     2 |    13 ||    21
       Distracted        |     1 |       |       ||     1
       Confused          |       |     1 |       ||     1
       Paralysed         |       |       |     3 ||     3
  Eat: Chunk             |     6 |    10 |    21 ||    37
       Royal jelly       |       |       |     1 ||     1
